 Dungeon Crawl Stone Soup version 0.29.1-4-g47bece8355 (webtiles) character file.

Game seed: 14243042494955727234

45738 lmSkywalker the Basher (level 14, -1/130 HPs)
             Began as a Minotaur Fighter on Dec 2, 2022.
             Was the Champion of Okawaru.
             Succumbed to Aizul's poison arrow
             ... on level 1 of the Snake Pit on Dec 5, 2022.
             The game lasted 01:37:00 (21398 turns).

lmSkywalker the Basher (Minotaur Fighter)          Turns: 21398, Time: 01:37:00

Health: -1/130     AC: 28    Str: 30    XL:     14   Next: 2%
Magic:  18/18      EV: 10    Int:  7    God:    Okawaru [******]
Gold:   896        SH:  7    Dex: 14    Spells: 13/13 levels left

rFire   + . .      SeeInvis .   M - +1 demon whip (venom)
rCold   . . .      Faith    +   c - +0 buckler
rNeg    . . .      Spirit   .   P - +3 plate armour {rPois}
rPois   +          Reflect  .   (helmet restricted)
rElec   .          Harm     .   i - +0 cloak
rCorr   .          Rampage  .   T - +2 pair of gloves
Will    +....                   K - +0 pair of boots
Stlth   ..........              s - amulet of faith
HPRegen 0.31/turn               t - +6 ring of strength
MPRegen 0.16/turn               x - ring "Ijapn" {rF+ Dex+4 Stlth+}

@: lethally poisoned (-1 -> -9), heroic, on berserk cooldown, slowed, very slow
A: horns 2, retaliatory headbutt
a: Renounce Religion, Heroism, Finesse, Duel


You were on level 1 of the Snake Pit.
You worshipped Okawaru.
Okawaru was exalted by your worship.
You visited 4 branches of the dungeon, and saw 17 of its levels.
You also visited: Ice Cave.

You collected 896 gold pieces.

Inventory:

Hand Weapons
 p - the +8 halberd "Elint" {antimagic, Int+3}
   (You found it on level 2 of the Dungeon)

   It reduces the magical energy of the wielder, and disrupts the spells and
   magical abilities of those it strikes.
   Natural abilities and divine invocations are not affected.
   Int:       It affects your intelligence (+3).
 E - a +2 morningstar of draining
 M - a +1 demon whip of venom (weapon)
Missiles
 e - 11 boomerangs (quivered)
 G - 4 datura-tipped darts
 J - 10 javelins
 L - 3 throwing nets
 N - 5 silver javelins
Armour
 c - a +0 buckler (worn)
 i - a +0 cloak (worn)
 B - the +0 scale mail "Bifikuts" {rElec Will+ Str+3 Dex-5}
   (Okawaru gifted it to you on level 5 of the Lair of Beasts)

   Str:       It affects your strength (+3).
   Dex:       It affects your dexterity (-5).
   rElec:     It insulates you from electricity.
   Will:      It increases your willpower.
 K - a +0 pair of boots (worn)
 P - a +3 plate armour of poison resistance (worn)
 T - a +2 pair of gloves (worn)
Jewellery
 o - an amulet of guardian spirit
 s - an amulet of faith (around neck)
 t - a +6 ring of strength (left hand)
 u - a ring of poison resistance
 v - a ring of flight
 x - the ring "Ijapn" (right hand) {rF+ Dex+4 Stlth+}
   (You found it on level 4 of the Dungeon)

   [ring of protection from fire]

   Dex:       It affects your dexterity (+4).
   rF:        It protects you from fire.
   Stlth:     It makes you more stealthy.
 z - a ring of resist corrosion
 U - a +6 ring of dexterity
Wands
 y - a wand of flame (15)
 C - a wand of light (12)
 O - a wand of iceblast (14)
 V - a wand of mindburst (7)
Scrolls
 f - a scroll of fear
 j - a scroll of torment
 q - 4 scrolls of enchant armour
 r - 2 scrolls of silence
 w - 5 scrolls of teleportation
 A - a scroll of magic mapping
 F - a scroll of brand weapon
 H - a scroll of blinking
 Q - a scroll of fog
Potions
 a - 4 potions of haste
 d - 2 potions of might
 g - 2 potions of cancellation
 h - 5 potions of heal wounds
 l - 3 potions of lignification
 m - 13 potions of curing
 n - 9 potions of attraction
 R - a potion of mutation
 S - a potion of resistance
 W - a potion of ambrosia
Miscellaneous
 I - a tin of tremorstones (2/2)


   Skills:
 - Level 13.7(18.7) Fighting
 + Level 14.4(19.4) Maces & Flails
 + Level 12.0(17.0) Throwing
 - Level 12.0(17.0) Armour
 - Level 5.5(10.5) Shields
 - Level 7.0 Invocations
 - Level 6.8 Evocations


You had 13 spell levels left.
You didn't know any spells.
Your spell library contained the following spells:

 Spells                   Type           Power      Damage    Failure   Level
 Apportation              Tloc           0%         N/A       95%         1
 Necrotise                Necr           0%         1d4       95%         1
 Shock                    Conj/Air       0%         1d3       95%         1
 Slow                     Hex            0%         N/A       95%         1
 Ensorcelled Hibernation  Hex/Ice        0%         N/A       99%         2
 Static Discharge         Conj/Air       0%         3-3/arc   99%         2
 Confusing Touch          Hex            0%         N/A       100%        3
 Dazzling Flash           Conj/Hex       0%         N/A       100%        3
 Ozocubu's Armour         Ice            0%         N/A       100%        3
 Spider Form              Tmut/Pois      0%         N/A       100%        3
 Vampiric Draining        Necr           0%         2d6       100%        3
 Anguish                  Hex/Necr       0%         N/A       100%        4
 Passage of Golubria      Tloc           0%         N/A       100%        4
 Agony                    Necr           0%         N/A       100%        5
 Alistair's Intoxication  Tmut/Pois      0%         N/A       100%        5
 Metabolic Englaciation   Hex/Ice        0%         N/A       100%        5
 Silence                  Hex/Air        0%         N/A       100%        5
 Yara's Violent Unravell  Hex/Tmut       0%         3d3       100%        5
 Chain Lightning          Conj/Air       0%         N/A       100%        9
 Summon Small Mammal      Summ           Unusable   N/A       N/A         1
 Tukima's Dance           Hex            Unusable   N/A       N/A         3
 Simulacrum               Ice/Necr       Unusable   N/A       N/A         6

Dungeon Overview and Level Annotations

Branches:
Dungeon (10/15)            Temple (1/1) D:5            Lair (5/5) D:9
 Shoals (0/4) Lair:2        Snake (1/4) Lair:2        Slime (0/5) Lair:5
    Orc (0/2) D:10          IceCv (visited)

Altars:
Ashenzari
Cheibriados
Dithmenos
Elyvilon
Fedhas
Gozag
Hepliaklqana
Kikubaaqudgha
Makhleb
Nemelex Xobeh
Okawaru
Qazlal
Ru
Sif Muna
Trog
Uskayaw
Vehumet
Wu Jian
Xom
Yredelemnul
Zin
The Shining One
Jiyva

Shops:
D:6 :   D:10 *

Annotations:
D:2 1 runed translucent door, Crazy Yiuf
Lair:5 2 runed translucent doors, exclusion: 2 doors


Innate Abilities, Weirdness & Mutations

You have a pair of horns on your head.
You reflexively headbutt those who attack you in melee.


Message History

The poison arrow hits you!
You are more poisoned.
You partially resist.
* * * LOW HITPOINT WARNING * * *
You whack Aizul!
Aizul is almost dead.
* * * LOW HITPOINT WARNING * * *
You feel sick.
You hit Aizul but do no damage.
Aizul is almost dead.
* * * LOW HITPOINT WARNING * * *
You feel sick. Aizul hits you but does no damage.
You whack Aizul! Your headbutt misses Aizul.
Aizul is almost dead.
* * * LOW HITPOINT WARNING * * *
You feel sick. Aizul hits you!
* * * LOW HITPOINT WARNING * * *
You miss Aizul.
Aizul is almost dead.
* * * LOW HITPOINT WARNING * * *
You feel sick.
You are too berserk!
You closely miss Aizul.
Aizul is almost dead.
* * * LOW HITPOINT WARNING * * *
You feel sick.
You kill Aizul!
Okawaru is honoured by your kill.
Your base Throwing skill increases to level 12!
You have reached level 14!
You are too berserk!
* * * LOW HITPOINT WARNING * * *
You feel sick.
You feel a strong urge to attack something.
* * * LOW HITPOINT WARNING * * *
You feel sick.
You are no longer berserk.
You are exhausted.
You feel yourself slow down.
You die...

#..........##........ S
#..........##........ ..
#..........##........ ...
#..........##........ ....
#######....##........ .....
#######....##........
......##..........##........
......'†..........###'###...
......##...@......###.####..
..... #######....##....##..
.... #######....##....##..
... #...........'....##.. ..
#..........##....##.. [
#..........##....##..
#..........########..
#######....#######...
#############........


There were no monsters in sight!

Vanquished Creatures
  Aizul (Snake:1)
  6 hydras
  Harold (D:9)
  A catoblepas (Lair:1)
  2 anacondas (Snake:1)
  A naga warrior (Snake:1)
  3 two-headed ogres
  Urug (Lair:4)
  Amaemon (D:9)
  2 lindwurms (Lair:5)
  2 ugly things (IceCv)
  A naga mage (Snake:1)
  An elephant (D:9)
  3 centaur zombies (D:10)
  Joseph (D:8)
  A torpor snail (Lair:4)
  6 black mambas
  3 molten gargoyles (Lair:5)
  3 ice statues (IceCv)
  An orange demon (D:9)
  9 cane toads
  Maggie (D:6)
  A gargoyle (D:10)
  2 unseen horrors (D:10)
  6 rime drakes
  10 komodo dragons
  An anaconda simulacrum (IceCv)
  2 hornets
  4 polar bears (Lair:5)
  Prince Ribbit (D:6)
  A snapping turtle (Lair:2)
  8 dream sheep (Lair:5)
  13 blink frogs
  22 yaks
  2 dire elephant simulacra (IceCv)
  3 basilisks
  8 wyverns
  3 steam dragons
  A death yak simulacrum (IceCv)
  Edmund (D:4)
  3 vampire mosquitoes (D:10)
  3 nagas
  3 acid dragons
  4 hell hounds (Lair:5)
  A hydra simulacrum (IceCv)
  14 water moccasins
  A swamp drake (Lair:5)
  5 orc warriors
  2 ice beasts
  2 black bears
  3 ogres (D:6)
  6 wolves (Lair:5)
  2 centaurs
  3 phantoms
  A kobold brigand (D:9)
  5 bullfrogs
  3 necrophages (D:10)
  A gnoll sergeant (D:10)
  A cane toad simulacrum (IceCv)
  10 wights
  15 killer bees
  5 howler monkeys
  5 lava snakes (Lair:5)
  A gnoll bouda (D:9)
  A hound (D:5)
  3 jellies
  7 orc priests
  A human zombie (D:10)
  3 iguanas
  2 polar bear simulacra (IceCv)
  13 orc wizards
  A wolf simulacrum (IceCv)
  3 mummies (D:10)
  16 gnolls
  7 adders
  2 shadow imps
  2 white imps (D:7)
  2 ufetubi
  5 worms
  A dart slug (D:4)
  32 orcs
  8 ball pythons
  8 bats
  7 endoplasms
  3 giant cockroaches
  6 goblins
  4 hobgoblins
  10 jackals
  7 kobolds
  4 quokkas
  A frilled lizard (D:1)
  4 rats
402 creatures vanquished.

Vanquished Creatures (others)
  A bush (Lair:5)
  19 fungi
  25 plants
  4 toadstools (D:1)
49 creatures vanquished.

Grand Total: 451 creatures vanquished

Notes
Turn   | Place    | Note
-------+----------+-------------------------------------------
     0 | D:1      | lmSkywalker the Minotaur Fighter began the quest for the
                  | Orb.
     0 | D:1      | Reached XP level 1. HP: 19/19 MP: 0/0
   176 | D:1      | Reached XP level 2. HP: 27/27 MP: 1/1
   355 | D:1      | Found a faded altar of an unknown god.
   523 | D:2      | Reached skill level 3 in Maces & Flails
   551 | D:2      | Reached XP level 3. HP: 33/33 MP: 2/2
   915 | D:2      | Reached XP level 4. HP: 38/41 MP: 3/3
  1237 | D:2      | Identified the +8 halberd "Elint" {antimagic, Int+3}
  1304 | D:2      | Found a runed translucent door.
  1305 | D:2      | Noticed Crazy Yiuf
  1874 | D:3      | Reached XP level 5. HP: 43/47 MP: 4/4
  2039 | D:3      | Found a shadowy altar of Dithmenos.
  2286 | D:3      | Found a shimmering blue altar of Sif Muna.
  2300 | D:3      | Reached skill level 5 in Fighting
  2300 | D:3      | Reached skill level 4 in Maces & Flails
  2340 | D:3      | Found an ancient bone altar of Kikubaaqudgha.
  2348 | D:3      | Reached skill level 5 in Armour
  2348 | D:3      | Reached skill level 5 in Shields
  2386 | D:3      | Found a radiant altar of Vehumet.
  2749 | D:4      | Reached XP level 6. HP: 56/56 MP: 5/5
  3099 | D:4      | Noticed Edmund
  3110 | D:4      | Killed Edmund
  3261 | D:4      | HP: 1/56 [jackal (2)]
  3588 | D:4      | Identified the ring "Ijapn" {rF+ Dex+4 Stlth+}
  4028 | D:5      | Entered Level 5 of the Dungeon
  4036 | D:5      | Identified the +1 whip of the Conjuring Tiger {vorpal,
                  | Contam rF+++ Will++ Str-3}
  4041 | D:5      | Reached skill level 5 in Maces & Flails
  4041 | D:5      | Reached XP level 7. HP: 62/62 MP: 6/6
  4338 | D:5      | Found a staircase to the Ecumenical Temple.
  4351 | Temple   | Entered the Ecumenical Temple
  4361 | Temple   | Became a worshipper of Warmaster Okawaru
  4668 | D:5      | Reached skill level 6 in Maces & Flails
  4831 | D:5      | Reached skill level 1 in Invocations
  4864 | D:5      | Reached XP level 8. HP: 71/71 MP: 7/7
  4936 | D:5      | Found a hide-covered altar of Uskayaw.
  4947 | D:5      | Found an opulent altar of Gozag.
  4947 | D:5      | Found a white marble altar of Elyvilon.
  4947 | D:5      | Found a sacrificial altar of Ru.
  4952 | D:5      | Found a glowing golden altar of the Shining One.
  5194 | D:6      | Found Mimnah's Book Shoppe.
  5228 | D:6      | Noticed Prince Ribbit
  5246 | D:6      | Killed Prince Ribbit
  5246 | D:6      | Reached * piety under Okawaru
  5401 | D:6      | Reached skill level 7 in Maces & Flails
  5480 | D:6      | Reached ** piety under Okawaru
  5797 | D:6      | Reached XP level 9. HP: 69/81 MP: 10/10
  6109 | D:6      | Noticed Maggie
  6128 | D:6      | Killed Maggie
  6129 | D:6      | Reached skill level 8 in Maces & Flails
  6381 | D:6      | Noticed a two-headed ogre
  6390 | D:6      | Killed a two-headed ogre
  6390 | D:6      | Reached *** piety under Okawaru
  6723 | D:7      | Identified the +1 falchion of Imminent Death {vorpal, rElec
                  | rF- rN+++ Dex-3}
  7040 | D:7      | Reached skill level 5 in Invocations
  7049 | D:7      | Received a gift from Okawaru
  7153 | D:7      | Found an ornate altar of the Wu Jian Council.
  7303 | D:7      | Reached skill level 9 in Maces & Flails
  7391 | D:7      | Reached skill level 1 in Throwing
  7548 | D:8      | Found a bloodstained altar of Trog.
  7599 | D:8      | Found a sparkling altar of Nemelex Xobeh.
  7608 | D:8      | Reached XP level 10. HP: 53/88 MP: 12/12
  7618 | D:8      | Reached **** piety under Okawaru
  7667 | D:8      | Received a gift from Okawaru
  8426 | D:8      | Reached skill level 10 in Fighting
  8702 | D:8      | Noticed Joseph
  8716 | D:8      | Killed Joseph
  9100 | D:9      | Reached skill level 10 in Maces & Flails
  9110 | D:9      | Noticed Harold
  9112 | D:9      | Found a staircase to the Lair.
  9134 | D:9      | Killed Harold
  9138 | D:9      | Reached ***** piety under Okawaru
  9142 | D:9      | Noticed an elephant
  9439 | D:9      | Noticed Amaemon
  9450 | D:9      | Killed Amaemon
  9450 | D:9      | Received a gift from Okawaru
  9460 | D:9      | Noticed an orange demon
  9502 | D:9      | Reached skill level 5 in Throwing
  9802 | D:9      | Received a gift from Okawaru
  9833 | D:9      | Noticed a two-headed ogre
  9843 | D:9      | Killed a two-headed ogre
  9843 | D:9      | Received a gift from Okawaru
  9844 | D:9      | Reached skill level 11 in Maces & Flails
  9844 | D:9      | Reached XP level 11. HP: 78/102 MP: 10/13
 10696 | D:9      | Noticed a two-headed ogre
 10707 | D:9      | Killed a two-headed ogre
 10708 | D:9      | Reached skill level 10 in Armour
 11232 | D:10     | Entered Level 10 of the Dungeon
 11406 | D:10     | Found a staircase to the Orcish Mines.
 11887 | D:10     | Found a blossoming altar of Fedhas.
 12051 | D:10     | Found Moniagge's Fire Supplies.
 12187 | D:10     | Found a basalt altar of Yredelemnul.
 12271 | D:10     | Identified the +1 animal skin "Vann" {Str+3} (Okawaru
                  | gifted it to you on level 10 of the Dungeon)
 12271 | D:10     | Received a gift from Okawaru
 12392 | Lair:1   | Entered Level 1 of the Lair of Beasts
 12606 | Lair:1   | Noticed a four-headed hydra
 12615 | Lair:1   | Killed a four-headed hydra
 12616 | Lair:1   | Reached XP level 12. HP: 96/115 MP: 14/14
 13090 | Lair:1   | Noticed a catoblepas
 13099 | Lair:1   | Killed a catoblepas
 13796 | Lair:2   | Reached skill level 1 in Evocations
 14179 | Lair:2   | Found a staircase to the Snake Pit.
 14578 | Lair:2   | Found a staircase to the Shoals.
 15078 | Lair:3   | Reached ****** piety under Okawaru
 15183 | Lair:3   | Noticed a five-headed hydra
 15200 | Lair:3   | Killed a five-headed hydra
 16041 | Lair:4   | Noticed an eight-headed hydra
 16047 | Lair:4   | Killed an eight-headed hydra
 16048 | Lair:4   | Reached skill level 5 in Evocations
 16151 | Lair:4   | Noticed Urug
 16394 | Lair:4   | Killed Urug
 16429 | Lair:4   | Received a gift from Okawaru
 16962 | Lair:4   | Received a gift from Okawaru
 17095 | Lair:4   | Received a gift from Okawaru
 17104 | Lair:4   | Noticed a four-headed hydra
 17113 | Lair:4   | Killed a four-headed hydra
 17114 | Lair:4   | Reached XP level 13. HP: 105/123 MP: 17/17
 17230 | Lair:4   | Identified the +3 leather armour of Siowec {*Slow rElec
                  | rPois rCorr}
 17504 | Lair:5   | Entered Level 5 of the Lair of Beasts
 17834 | Lair:5   | Found a frozen archway.
 17849 | IceCv    | Entered an ice cave
 17948 | IceCv    | Reached skill level 12 in Maces & Flails
 18428 | IceCv    | Got the Catalogue of Changing and Clouds
 18651 | IceCv    | Reached skill level 10 in Throwing
 18666 | IceCv    | Received a gift from Okawaru
 18898 | IceCv    | Got the Exposition on Contamination
 19008 | Lair:5   | Found a staircase to the Slime Pits.
 19017 | Lair:5   | Found a viscous altar of Jiyva.
 19352 | Lair:5   | Reached skill level 13 in Maces & Flails
 19766 | Lair:5   | Noticed a fire dragon
 19769 | Lair:5   | Found a large runed translucent door.
 19999 | Lair:5   | Found a large runed translucent door.
 20047 | Lair:5   | Identified the +0 scale mail "Bifikuts" {rElec Will+ Str+3
                  | Dex-5} (Okawaru gifted it to you on level 5 of the Lair of
                  | Beasts)
 20047 | Lair:5   | Received a gift from Okawaru
 20049 | Lair:5   | Reached skill level 14 in Maces & Flails
 20958 | Snake:1  | Entered Level 1 of the Snake Pit
 21366 | Snake:1  | Noticed Aizul
 21393 | Snake:1  | HP: 7/184 [Aizul (7)]
 21395 | Snake:1  | Killed Aizul
 21396 | Snake:1  | Reached XP level 14. HP: 5/130 MP: 18/18
 21397 | Snake:1  | HP: 2/195 [poisoned by Aizul (poison arrow)]
 21398 | Snake:1  | Succumbed to Aizul's poison arrow

Illustrated notes

Levels and vault maps discovered:
D:1:      ldierk_walled_garden_2, layout_basic,
          hellmonk_ecumenical_altar_pennies_from_heaven
D:2:      layout_rooms, serial_forest, infiniplex_forest_clump_small,
          infiniplex_forest_zigzag_2, infiniplex_forest_zigzag_1,
          infiniplex_forest_lined_2, serial_bayou_pond_a,
          minmay_misc_feat_more_columns, minmay_vboxes, uniq_crazy_yiuf_cottage
D:3:      layout_basic, palyth_temple_overflow_mages,
          nicolae_dithmenos_through_a_glass_darkly
D:4:      kennysheep_six_static_rooms, layout_gridville, uniq_edmund
D:5:      layout_loops_ring, minitemple, minmay_temple_entry_trees
D:6:      layout_loops_ring, serial_shops, nicolae_shop_crystal, minmay_bent,
          uniq_maggie, uniq_prince_ribbit1
D:7:      layout_basic, mainiacjoe_overflow_cross_hatched
D:8:      layout_basic, mainiacjoe_overflow_paths, mainiacjoe_overflow_alcove_2,
          uniq_joseph
D:9:      layout_stronghold, david_lair_generic, grunt_ministairs_1,
          chequers_serial_rivers_marsh, uniq_amaemon, uniq_harold
D:10:     layout_rooms, lemuel_mausoleum_altar_yredelemnul, lemuel_round_altar,
          david_orc_3, nicolae_shop_fire_sale [nicolae_sub_dead_trees]
Temple:   hellmonk_temple_rainy
Lair:1:   layout_loops_ring
Lair:2:   layout_big_grid, minmay_shoals_entry_hut, guppyfry_snake_entry_island
Lair:3:   wander_river, layout_gridlike
Lair:4:   layout_cave_shapes, grunt_megastairs_4, uniq_urug
Lair:5:   cheibrodos_lair_end_hotspot, layout_misc_corridors, slime_entry_1,
          portal_ice_cave_entry_pillars_2, guppyfry_lair_drakes
Snake:1:  layout_grid_maze, nicolae_snake_guarding_the_ruins, uniq_jorgrun,
          uniq_aizul

Skill      XL: |  1  2  3  4  5  6  7  8  9 10 11 12 13 |
---------------+----------------------------------------+-----
Armour         | 4 5 6 8 9 11 12 | 12.0
Fighting       | 4 5 6 8 9 11 13 | 13.7
Shields        | 4 5 |  5.5
Maces & Flails | 3 4 5 6 7 9 11 14 | 14.4
Invocations    | 1 3 5 7 |  7.0
Throwing       | 1 5 8 9 12 | 12.0
Evocations     | 6 |  6.8

Action                   |  1- 3 |  4- 6 |  7- 9 | 10-12 | 13-15 || total
-------------------------+-------+-------+-------+-------+-------++-------
Melee: Whip              |    41 |   160 |   231 |   110 |       ||   542
       Flail             |     2 |       |       |       |       ||     2
       Headbutt          |     5 |    21 |    48 |   142 |    89 ||   305
       Demon whip        |       |       |       |   508 |   341 ||   849
Throw: Boomerang         |       |       |       |    41 |    37 ||    78
       Javelin           |       |       |       |     3 |     4 ||     7
Invok: Heroism           |       |       |     1 |    14 |     7 ||    22
       Finesse           |       |       |       |     1 |     1 ||     2
Evoke: Wand              |       |       |       |     2 |       ||     2
  Use: Scroll            |       |     1 |     6 |    18 |     3 ||    28
       Potion            |       |     1 |       |       |     1 ||     2
 Stab: Invisible         |       |       |       |     1 |       ||     1
Armor: Scale mail        |    11 |    54 |    55 |    40 |     4 ||   164
       Plate armour      |       |       |       |   137 |   115 ||   252
Dodge: Dodged            |    19 |    55 |    66 |   106 |    77 ||   323
Block: Buckler           |    10 |    25 |    36 |    96 |    45 ||   212
